[Event "Lindores Abbey Rapid Challenge-KO"]
[White "Ding, Liren"]
[Black "Yu, Yangyi"]
[Site "Online"]
[Round "1.1"]
[Annotator "ChessBase"]
[Result "1/2-1/2"]
[Date "2020.05.23"]
[WhiteElo "2836"]
[BlackElo "2738"]
[PlyCount "74"]
[TimeControl "900+10"]

1. d4 d5 2. c4 dxc4 3. Nf3 Nf6 4. e3 e6 5. Bxc4 c5 6. 0-0 a6 7. dxc5 Bxc5 8. Qxd8+ Kxd8 9. Be2 Ke7 10. Nc3 Nbd7 11. e4 b6 12. e5 Ng4 13. Bf4 f6 14. exf6+ gxf6 15. h3 Nge5 16. Nxe5 Nxe5 17. Bxe5 fxe5 18. Bf3 Ra7 19. Rac1 Bd7 20. Rc2 Bd4 21. Rfc1 Rc8 22. g4 h6 23. Kg2 a5 24. Ne2 Rxc2 25. Rxc2 Bb5 26. h4 Rd7 27. Ng3 Bd3 28. Rd2 Bc4 29. b3 Bb5 30. a4 Ba6 31. Be4 Rd8 32. Nh5 Rg8 33. Kg3 Bc8 34. Bc6 Kd6 35. Be4 Ke7 36. Rd3 Ba6 37. Rd2 Bc8 1/2-1/2

[Event "Lindores Abbey Rapid Challenge-KO"]
[White "Nakamura, Hikaru"]
[Black "Aronian, Levon"]
[Site "Online"]
[Round "1.1"]
[Annotator "ChessBase"]
[Result "1-0"]
[Date "2020.05.23"]
[WhiteElo "2829"]
[BlackElo "2778"]
[PlyCount "93"]
[TimeControl "900+10"]

1. e4 e5 2. Nf3 Nf6 3. Nxe5 d6 4. Nf3 Nxe4 5. Nc3 Nxc3 6. dxc3 Be7 7. Be3 0-0 8. Qd2 Nd7 9. 0-0-0 c6 10. h4 Re8 11. Bd3 Nf6 12. h5 Bg4 13. Rde1 Qd7 14. h6 g6 15. Nd4 a6 16. f3 Be6 17. Nxe6 fxe6 18. Kb1 b5 19. g4 e5 20. c4 Qe6 21. Qe2 Rab8 22. g5 Nd7 23. Ka1 bxc4 24. Bxc4 d5 25. Bb3 Nc5 26. Bxc5 Bxc5 27. Qxa6 Bf2 28. Re2 Bg3 29. c4 d4 30. c5 Rxb3 31. axb3 Qxb3 32. Qxc6 Rb8 33. Kb1 Qf7 34. Qf6 Qxf6 35. gxf6 Kf7 36. c6 Kxf6 37. c7 Rc8 38. Rc1 Ke7 39. Rc4 Kd7 40. Rec2 g5 41. b4 g4 42. fxg4 Be1 43. Re2 Bg3 44. b5 Rxc7 45. Rxc7+ Kxc7 46. g5 d3 47. Re4 1-0

[Event "Lindores Abbey Rapid Challenge-KO"]
[White "Aronian, Levon"]
[Black "Nakamura, Hikaru"]
[Site "Online"]
[Round "1.1"]
[Annotator "ChessBase"]
[Result "1/2-1/2"]
[Date "2020.05.23"]
[WhiteElo "2778"]
[BlackElo "2829"]
[PlyCount "82"]
[TimeControl "900+10"]

1. d4 Nf6 2. c4 e6 3. Nf3 d5 4. Nc3 Be7 5. Bf4 0-0 6. e3 Nbd7 7. c5 c6 8. h3 b6 9. b4 a5 10. a3 h6 11. Qb1 Ne4 12. Nxe4 dxe4 13. Ne5 Nxe5 14. Bxe5 Qd5 15. Qb2 b5 16. Be2 a4 17. 0-0 Bd7 18. f3 f5 19. Qd2 Be8 20. fxe4 fxe4 21. Rxf8+ Bxf8 22. Bd1 Bg6 23. Bc2 Be7 24. Bb1 Rf8 25. Ba2 Qd7 26. Qe1 Kh7 27. Qg3 Bd8 28. Rf1 Rxf1+ 29. Kxf1 Qf7+ 30. Ke1 Qf5 31. Qf4 Qf7 32. Bb1 Kg8 33. Qxf7+ Kxf7 34. Kf2 Bf5 35. g4 Bh7 36. Kg3 g5 37. Bc2 Bg6 38. Bd1 Kg8 39. Be2 Be8 40. Bf1 Kf8 41. Bg2 Bg6 1/2-1/2

[Event "Lindores Abbey Rapid Challenge-KO"]
[White "Aronian, Levon"]
[Black "Nakamura, Hikaru"]
[Site "Online"]
[Round "1.1"]
[Annotator "ChessBase"]
[Result "1-0"]
[Date "2020.05.23"]
[WhiteElo "2778"]
[BlackElo "2829"]
[PlyCount "235"]
[TimeControl "900+10"]

1. d4 Nf6 2. c4 e6 3. Nf3 d5 4. Nc3 Be7 5. Bf4 0-0 6. e3 Nbd7 7. c5 c6 8. h3 b6 9. b4 a5 10. a3 h6 11. Bd3 Ba6 12. 0-0 Qc8 13. Na4 Qb7 14. Qc2 Bxd3 15. Qxd3 Ne4 16. Rfb1 axb4 17. axb4 b5 18. Nc3 f5 19. Ne2 Bf6 20. Ne5 Ng5 21. Nxd7 Qxd7 22. Nc1 Nf7 23. Qc3 Rfe8 24. Nd3 Qb7 25. Rb3 Ra4 26. Rxa4 bxa4 27. Ra3 Qb5 28. Qc2 Ra8 29. Bc7 Bd8 30. Ba5 Bf6 31. f4 g5 32. g3 h5 33. Qxa4 Qxa4 34. Rxa4 h4 35. gxh4 gxf4 36. Nxf4 e5 37. Ng6 exd4 38. exd4 Bxd4+ 39. Kf1 Bf6 40. Ra2 Kh7 41. h5 Ng5 42. Nf4 Ne4 43. Nd3 Bd4 44. Rg2 f4 45. Nxf4 Rf8 46. Bc7 Rf7 47. Ke2 Bc3 48. Ne6 Bxb4 49. Bd6 Bc3 50. Ng5+ Nxg5 51. Rxg5 Bb4 52. Rg4 Rb7 53. Kd3 Rb5 54. Kd4 Ba3 55. Rg6 Rb3 56. Ke5 Rxh3 57. Ke6 Rxh5 58. Rg3 Bb4 59. Kd7 d4 60. Kxc6 Rf5 61. Rd3 Bc3 62. Kd7 Bb4 63. Kc6 Bc3 64. Rg3 Bb4 65. Kb5 Be1 66. Rh3+ Kg6 67. Kc4 Ba5 68. Kxd4 Kf7 69. Rh7+ Kf6 70. Ke4 Rf1 71. Kd5 Rd1+ 72. Kc6 Bb4 73. Rh4 Ba3 74. Rh3 Bb4 75. Rb3 Rd4 76. Kb5 Bxc5 77. Kxc5 Rd1 78. Re3 Rc1+ 79. Kd5 Rd1+ 80. Kc6 Kf5 81. Rf3+ Ke4 82. Rf4+ Ke3 83. Rh4 Kf3 84. Kc5 Ke3 85. Be5 Rd8 86. Bd6 Ra8 87. Kd5 Ra5+ 88. Bc5+ Kf3 89. Rc4 Rb5 90. Ke5 Rb8 91. Rc2 Re8+ 92. Kf5 Rc8 93. Rc3+ Ke2 94. Ke4 Re8+ 95. Kf4 Rd8 96. Rh3 Re8 97. Bd4 Kd2 98. Be5 Kc2 99. Ke4 Rd8 100. Rc3+ Kd2 101. Rb3 Rc8 102. Rh3 Kc2 103. Rh2+ Kb3 104. Rb2+ Ka3 105. Rb7 Re8 106. Kd5 Rc8 107. Bc7 Rh8 108. Bd6+ Ka2 109. Kc4 Rc8+ 110. Bc7 Rf8 111. Be5 Rc8+ 112. Kd3 Rc1 113. Rb2+ Ka1 114. Rf2+ Kb1 115. Bd4 Rd1+ 116. Kc3 Re1 117. Kb3 Kc1 118. Bc3 1-0

[Event "Lindores Abbey Rapid Challenge-KO"]
[White "Yu, Yangyi"]
[Black "Ding, Liren"]
[Site "Online"]
[Round "1.1"]
[Annotator "ChessBase"]
[Result "1-0"]
[Date "2020.05.23"]
[WhiteElo "2738"]
[BlackElo "2836"]
[PlyCount "137"]
[TimeControl "900+10"]

1. e4 e5 2. Nf3 Nc6 3. Bc4 Nf6 4. Ng5 d5 5. exd5 Na5 6. Bb5+ c6 7. dxc6 bxc6 8. Bd3 Nd5 9. Nf3 Bd6 10. Nc3 0-0 11. Be2 f5 12. d3 Nxc3 13. bxc3 e4 14. Nd4 Qf6 15. 0-0 Qe5 16. f4 Qe7 17. Kh1 Bd7 18. Rb1 Rad8 19. Bd2 c5 20. Nb5 Bb8 21. dxe4 fxe4 22. Qe1 e3 23. Bc1 Bxf4 24. c4 Nc6 25. Bf3 Kh8 26. Nc3 Qe5 27. Nd5 Bxh2 28. Qxe3 Nd4 29. Qxe5 Bxe5 30. Be3 Bc6 31. Be4 Ne2 32. Rxf8+ Rxf8 33. Bf3 Nd4 34. Bxd4 Bxd4 35. Re1 g6 36. Re6 Bxd5 37. cxd5 Kg7 38. d6 Rd8 39. Bc6 Kf7 40. Bd5 Kg7 41. c4 h5 42. g3 g5 43. Kg2 g4 44. Bc6 Kf7 45. Bd5 Kg7 46. a4 a5 47. Be4 Kf7 48. Bd5 Kg7 49. Re7+ Kf6 50. Rf7+ Ke5 51. d7 Kd6 52. Rh7 Rxd7 53. Rh6+ Kc7 54. Rc6+ Kd8 55. Rh6 Re7 56. Rxh5 Re2+ 57. Kf1 Rf2+ 58. Ke1 Rb2 59. Rg5 Ra2 60. Rg8+ Ke7 61. Bf7 Kxf7 62. Rxg4 Rxa4 63. Rf4+ Ke6 64. Kd1 Ra1+ 65. Kc2 a4 66. Kd3 a3 67. Re4+ Kd6 68. Re2 a2 69. Ke4 1-0